Map: Ley Lines

Players

Peace

  • Race: Protoss Protoss
  • League: Master
  • Spawn Location: 1:00

ManlyManMeat - Winner!

  • Race: Zerg Zerg
  • League: Platinum
  • Spawn Location: 7:00

VOD

Have the link to the VOD?

Description

Time

  • Played on: June 20, 2025, 4:56 a.m.
  • Length: 5:48
Show
View Real Time Build Order
Export as new Build Order

Peace Protoss 

Build Orders: Phoenix Opening, Mass Phoenix 

Get SALT Encoding   

  12  0:00  Probe  
  13  0:12  Probe  
  14  0:21  Pylon  
  14  0:24  Probe  
  15  0:36  Probe  
  16  0:43  Gateway  
  16  0:44  Probe  
  17  0:54  Probe, Assimilator  
  18  1:04  Probe  
  19  1:12  Probe  
  19  1:16  Assimilator  
  20  1:20  Probe  
  21  1:32  Probe  
  22  1:35  Cybernetics Core  
  22  1:41  Pylon  
  22  1:44  Probe  
  23  1:59  Probe  
  23  2:00  Nexus  
  24  2:19  Stargate  
  24  2:21  Probe  
  25  2:33  Probe  
  25  2:34  Stargate, Adept  
  28  3:00  Pylon  
  28  3:07  Phoenix, Shield Battery  
  28  3:09  Phoenix  
  28  3:10  Probe  
  29  3:15  Assimilator  
  33  3:20  Probe  
  33  3:22  Probe  
  35  3:32  Probe  
  36  3:36  Phoenix  
  38  3:47  Phoenix  
  40  3:49  Probe  
  41  3:55  Assimilator  
  41  4:09  Phoenix  
  43  4:11  Pylon, Probe x2  
  43  4:16  Phoenix  
  47  4:23  Probe x2  
  49  4:35  Phoenix, Probe  
  49  4:37  Probe  
  52  4:43  Probe  
  53  4:46  Probe  
  53  4:50  Phoenix  
  53  4:51  Probe  
  57  4:54  Probe  
  54  5:08  Void Ray  
  43  5:26  Probe  
  43  5:27  Probe  
Show
View Real Time Build Order
Export as new Build Order

ManlyManMeat Zerg - Winner!

Build Orders: Hatch First 

Get SALT Encoding   

  12  0:00  Drone  
  13  0:12  Overlord  
  13  0:21  Drone  
  14  0:31  Drone x2  
  14  0:34  Drone  
  17  0:53  Hatchery  
  17  0:54  Drone  
  17  0:57  Drone  
  18  1:11  Spawning Pool  
  18  1:14  Extractor  
  16  1:20  Drone x2  
  18  1:30  Drone  
  19  1:41  Drone  
  20  1:53  Overlord  
  20  1:59  Queen  
  22  2:04  Queen  
  22  2:07  Zergling x2  
  25  2:11  Zergling x2  
  26  2:25  Drone x3  
  29  2:40  Drone x3  
  32  2:46  Drone  
  33  2:55  Drone x2  
  33  2:56  Hatchery  
  33  2:58  Queen  
  34  3:04  Overlord  
  36  3:07  Metabolic Boost  
  36  3:37  Spore Crawler  
  36  3:38  Spore Crawler  
  36  3:39  Queen  
  36  3:42  Zergling x4  
  36  3:43  Overlord x2  
  38  4:04  Zergling x18  
  38  4:08  Drone  
  48  4:30  Baneling Nest  
  47  4:32  Extractor  
  46  4:54  Zergling x8  
  48  5:12  Drone x2  
  48  5:13  Drone  
  47  5:25  Zergling x2  
  47  5:26  Zergling x8  
Tags
 
Add a new tag
Caveats
  • Supply blocks, unpowered buildings, or Contaminate may cause inaccurate times.
  • Supply counts are checked every 10 seconds.